 Dungeon Crawl Stone Soup version 0.30-b1-2-g02819fbbbe (webtiles) character file.

Game seed: 8406035980848773506

55 sanka the Magician (level 4, -4/32 HPs)
             Began as a Djinni Hexslinger on May 18, 2023.
             Slain by a kobold
             ... wielding a +0 club
              (5 damage)
             ... on level 2 of the Dungeon.
             The game lasted 00:02:06 (1014 turns).

sanka the Magician (Djinni Hexslinger)              Turns: 1014, Time: 00:02:06

Health: -4/32      AC:  2    Str:  9    XL:     4   Next: 14%
Gold:   65         EV: 12    Int: 16    God:
                   SH:  0    Dex: 14

rFire   + + .        b - +0 dagger
rCold   x . .        i - orb {mayhem}
rNeg    . . .        c - +0 robe
rPois   ∞            (no helmet)
rElec   .            (no cloak)
rCorr   .            (no gloves)
SInv    .            (boots unavailable)
Will    .....        (no amulet)
Stlth   +            (no ring)
HPRegen 0.25/turn    (no ring)
MPRegen 0.00/turn

%: mayhem, infuse magic (-5 HP)
@: flying
A: sickness immunity, fire resistance 2, cold vulnerability 1, float, innate
caster, HP casting, extra vitality 1
a: no special abilities


You were on level 2 of the Dungeon.
You visited 1 branch of the dungeon, and saw 2 of its levels.

You collected 65 gold pieces.

Inventory:

Hand Weapons
 a - a +1 sling
 b - a +0 dagger (weapon)
Armour
 c - a +0 robe (worn)
 i - an orb of mayhem (worn)
Jewellery
 d - a ring of resist corrosion
Scrolls
 e - 2 scrolls of amnesia {unknown}
 g - a scroll of identify {unknown}
 h - 2 scrolls of noise {unknown}
 j - a scroll of poison
 k - a scroll of brand weapon {unknown}
Potions
 f - 2 potions of curing {unknown}
 l - a potion of mutation {unknown}
 m - a potion of haste {unknown}
 n - a potion of degeneration {unknown}


   Skills:
 - Level 1.0 Fighting
 - Level 1.5 Ranged Weapons
 - Level 2.1 Dodging
 + Level 3.7 Spellcasting


You knew the following spells:

 Your Spells              Type           Power      Damage    Failure   Level
a - Slow                  Hex            56%        N/A       3%          1
b - Inner Flame           Hex/Fire       14%        N/A       12%         3
c - Portal Projectile     Hex/Tloc       28%        N/A       12%         3
d - Cause Fear            Hex            7%         N/A       36%         4
e - Beastly Appendage     Tmut           28%        N/A       3%          1
Your spell library was empty.

Dungeon Overview and Level Annotations

Branches:
Dungeon (2/15)

Altars:


Innate Abilities, Weirdness & Mutations

You are immune to sickness and miasma.
You are immune to poison.
Your flesh is very heat resistant. (rF++)
You are vulnerable to cold. (rC-)
You float through the air rather than walking.
You learn spells naturally, not from books.
Your magical power is your life essence.
You have superior vitality. (+4 MHP)


Message History

You hit the adder but do no damage. Your headbutt misses the adder.
The adder is almost dead.
The adder misses you. x2
You hit the adder.
You kill the adder!
The kobold flies into a frenzy!
The kobold barely misses you.
You have reached level 4!
You feel agile.
A kobold is nearby!
The kobold shouts!
Your horns disappear.
The kobold hits you with a +0 club.
The kobold shouts!
Things that are here:
a +0 sling; a +0 dagger The kobold barely misses you.
The kobold shouts!
The kobold barely misses you. The kobold hits you with a +0 club.
The kobold attacks as you move away! The kobold hits you with a +0 club.
You hit the kobold but do no damage. The kobold hits you with a +0 club.
* * * LOW HITPOINT WARNING * * *
The kobold completely misses you.
You barely miss the kobold. The kobold barely misses you.
You hit the kobold but do no damage. The kobold barely misses you.
The kobold hits you with a +0 club.
* * * LOW HITPOINT WARNING * * *
You hit the kobold.
The kobold is moderately wounded.
The kobold hits you with a +0 club.
* * * LOW HITPOINT WARNING * * *
You hit the kobold but do no damage.
The kobold is moderately wounded.
The kobold hits you with a +0 club.
* * * LOW HITPOINT WARNING * * *
The kobold barely misses you.
You closely miss the kobold.
The kobold is moderately wounded.
The kobold hits you with a +0 club.
You die...

#.......#
#.####### #.#
#.# #.# #.#
#.#
#.###########
#...)....@K.#
###########.#
#.# # #.#
#####.### #.#
#.)....^. .
#)# #.###.##
... #.#
.........
.....###.##.#
#.###)##.
............#


You could see a neutral kobold (fast, strong, insane).

Vanquished Creatures
  2 adders (D:2)
  2 dart slugs (D:1)
  3 endoplasms
  A giant cockroach (D:1)
  5 goblins
  A hobgoblin (D:1)
  2 jackals (D:2)
  4 kobolds
  A quokka (D:1)
  2 ball pythons
  2 bats (D:2)
  3 frilled lizards
  A rat (D:1)
29 creatures vanquished.

Vanquished Creatures (others)
  A plant (D:2)
1 creature vanquished.

Grand Total: 30 creatures vanquished

Notes
Turn   | Place    | Note
-------+----------+-------------------------------------------
     0 | D:1      | sanka the Djinni Hexslinger began the quest for the Orb.
     0 | D:1      | sanka set off with the following spells memorised: Slow,
                  | Inner Flame, Portal Projectile, Cause Fear.
     0 | D:1      | Reached XP level 1. HP: 17/17 MP: 0/0
    58 | D:1      | Reached XP level 2. HP: 17/22 MP: 0/0
   155 | D:1      | Reached skill level 3 in Spellcasting
   337 | D:1      | Reached XP level 3. HP: 27/27 MP: 0/0
   337 | D:1      | Learned a level 1 spell: Beastly Appendage
  1000 | D:2      | Reached XP level 4. HP: 21/32 MP: 0/0
  1013 | D:2      | HP: 1/32 [kobold/+0 club (2)]
  1014 | D:2      | Slain by a kobold

Illustrated notes

Levels and vault maps discovered:
D:1:      lightli_arrival_statue_moat, layout_rooms
D:2:      layout_loops_ring, serial_forest, infiniplex_forest_lined_corner,
          infiniplex_forest_clump_medium, infiniplex_forest_lined_3_way,
          infiniplex_forest_lined_3_way, infiniplex_forest_clump_long,
          infiniplex_forest_clump_tiny, infiniplex_forest_lined_room_2,
          infiniplex_forest_lined_ring, infiniplex_forest_lined_2,
          infiniplex_forest_lined_3

Skill      XL: |  1  2 |
---------------+-------+-----
Spellcasting   | 3 |  3.7
Fighting       | |  1.0
Ranged Weapons | |  1.5
Dodging        | |  2.1

Action                     |  1- 3 |  4- 6 || total
---------------------------+-------+-------++-------
  Melee: Dagger            |    52 |     6 ||    58
         Headbutt          |     5 |       ||     5
   Fire: Sling             |    56 |       ||    56
   Cast: Beastly Appendage |     5 |       ||     5
   Stab: Sleeping          |     1 |       ||     1
 Armour: Robe              |    14 |       ||    14
  Dodge: Dodged            |    52 |     6 ||    58
